 Dungeon Crawl Stone Soup version 0.32-a0-876-gcfddb08e57 (webtiles) character file.

Game seed: 1752328841350738318

8489 pokedragonboy the Prestidigitator (level 11, 0/89 HPs)
             Began as a Coglin Artificer on Apr 2, 2024.
             Was an Initiate of Gozag.
             Succumbed to a killer bee's poison
             ... on level 10 of the Dungeon.
             The game lasted 00:25:20 (10951 turns).

pokedragonboy the Prestidigitator (CoAr)           Turns: 10951, Time: 00:25:20

Health: 0/89       AC: 25    Str: 14 (16) XL:     11   Next: 31%
Magic:  20/20      EV:  4    Int:  9 (10) God:    Gozag
Gold:   1427       SH:  0    Dex: 12 (13) Spells: 10/10 levels left

rFire   . . .        a - +3 flail (heavy) {Takurtum}
rCold   + . .        J - +4 whip of Disarray {vamp, MP+9}
rNeg    . . .        p - +1 plate armour
rPois   .            n - +0 helmet
rElec   .            v - +0 cloak
rCorr   .            s - +0 pair of gloves
SInv    .            j - +5 pair of boots of the Loofah {rC+ Dex-3 Stlth+}
Will    .....        (amulet unavailable) Stlth
                     (ring unavailable)
HPRegen 0.34/turn    (ring unavailable)
MPRegen 0.17/turn    (no gizmo)

%: no passive effects
@: lethally poisoned (0 -> -7), gold aura, revved
A: off-hand wielding, slow wielding, warmup strikes, no jewellery
a: Invent Gizmo, Renounce Religion, Potion Petition, Call Merchant, Bribe Branch


You were on level 10 of the Dungeon.
You worshipped Gozag.
Gozag was most pleased with you.
You visited 2 branches of the dungeon, and saw 11 of its levels.

You collected 1650 gold pieces.
You spent 148 gold pieces at shops.
You paid 75 gold pieces to Gozag.

Inventory:

Hand Weapons
 a - a +3 heavy flail (weapon) {Takurtum}
 o - a +0 hand axe {Kanlaya}
 q - a +2 heavy mace {Yuxuan}
 B - a +0 hand axe
 J - the +4 whip of Disarray (offhand) {vamp, MP+9}
   (You found it on level 8 of the Dungeon)

   MP+9:      It affects your magic capacity (+9).
 O - a +0 broad axe
Missiles
 f - a throwing net
 G - 6 silver javelins
 M - 5 javelins (quivered)
Armour
 b - a +0 chain mail
 j - the +5 pair of boots of the Loofah (worn) {rC+ Dex-3 Stlth+}
   (You found it on level 9 of the Dungeon)

   Dex-3:     It affects your dexterity (-3).
   rC+:       It protects you from cold.
   Stlth+:    It makes you more stealthy.
 n - a +0 helmet (worn)
 p - a +1 plate armour (worn)
 s - a +0 pair of gloves (worn)
 v - a +0 cloak (worn)
Talismans
 g - a talisman of death
 i - a dragon-blood talisman
 N - a flux talisman
Wands
 c - a wand of flame (2)
 d - a wand of charming (12)
 e - a wand of paralysis (11)
 C - a wand of roots (8)
Scrolls
 l - 3 scrolls of amnesia
 r - a scroll of revelation
 t - a scroll of torment {unknown}
 y - 4 scrolls of immolation
 I - a scroll of enchant armour
Potions
 h - 2 potions of enlightenment
 m - a potion of invisibility {unknown}
 u - a potion of might {unknown}
 w - 3 potions of brilliance
 x - a potion of mutation {unknown}
 z - a potion of cancellation {unknown}
 F - a potion of haste
 H - a potion of lignification {unknown}
 L - a potion of degeneration


   Skills:
 * Level 9.4 Fighting
 - Level 6.6(7.7) Axes
 * Level 5.5(6.8) Maces & Flails
 * Level 8.6 Armour
 - Level 1.4 Dodging
 - Level 0.7 Stealth
 + Level 9.5 Evocations


You had 10 spell levels left.
You didn't know any spells.
Your spell library contained the following spells:

 Spells                   Type           Power      Damage    Failure   Level
 Apportation              Tloc           0%         N/A       100%        1
 Kiss of Death            Conj/Necr      0%         2d5       100%        1
 Slow                     Hex            0%         N/A       100%        1
 Ensorcelled Hibernation  Hex/Ice        0%         N/A       100%        2
 Jinxbite                 Hex            0%         N/A       100%        2
 Confusing Touch          Hex            0%         N/A       100%        3
 Passwall                 Erth           0%         N/A       100%        3
 Swiftness                Air            0%         N/A       100%        3
 Vampiric Draining        Necr           0%         2d6       100%        3
 Dispel Undead            Necr           0%         3d6       100%        4
 Leda's Liquefaction      Alch/Erth      0%         N/A       100%        4
 Petrify                  Alch/Erth      0%         N/A       100%        4
 Alistair's Intoxication  Alch           0%         N/A       100%        5
 Lee's Rapid Deconstruct  Erth           0%         3d4*      100%        5
 Metabolic Englaciation   Hex/Ice        0%         N/A       100%        5
 Permafrost Eruption      Ice/Erth       0%         2x4d1     100%        6


Dungeon Overview and Level Annotations

Branches:
Dungeon (10/15)            Temple (1/1) D:4             Orc (0/2) D:10
   Lair: D:8-11

Altars:
Ashenzari
Cheibriados
Dithmenos
Elyvilon
Gozag
Hepliaklqana
Kikubaaqudgha
Nemelex Xobeh
Okawaru
Qazlal
Ru
Sif Muna
Trog
Uskayaw
Vehumet
Wu Jian
Xom
Yredelemnul
Zin
The Shining One

Shops:
D:5 =   D:8 *

Annotations:
D:9 exclusion: statue


Innate Abilities, Weirdness & Mutations

You can wield a second weapon in your off-hand.
It takes a long time for you to wield or remove held weapons.
Your first few attacks do less damage.
You cannot equip rings or amulets.


Message History

You sock the killer bee with your +3 heavy flail!
The killer bee is heavily wounded.
You closely miss the killer bee with the +4 whip of Disarray.
* * * LOW HITPOINT WARNING * * *
You feel very sick. The killer bee stings you.
* * * LOW HITPOINT WARNING * * *
Your killer bee stings the killer bee.
The killer bee is no longer distracted by gold.
The killer bee stings you but does no damage. x2
Your killer bee misses the killer bee.
You bludgeon the killer bee with your +3 heavy flail!!
You kill the killer bee!
* * * LOW HITPOINT WARNING * * *
You feel very sick.
The killer bee stings you but does no damage.
Your killer bee barely misses the killer bee.
The killer bee stings you but does no damage.
Your killer bee stings the killer bee!
You miss the killer bee with your +3 heavy flail.
The killer bee is almost dead.
You hit the killer bee but do no damage.
* * * LOW HITPOINT WARNING * * *
You feel very sick.
The killer bee stings you but does no damage.
Your killer bee barely misses the killer bee.
The killer bee stings you but does no damage.
Your killer bee completely misses the killer bee.
You barely miss the killer bee with the +4 whip of Disarray.
The killer bee is almost dead.
You hit the killer bee with your +3 heavy flail.
You kill the killer bee!
* * * LOW HITPOINT WARNING * * *
You feel very sick.
Unknown command.
It was a potion of degeneration.
There was something very wrong with that liquid.
You feel weakened.
You feel dopey.
You feel clumsy.
You die...
Your body crumbles into a pile of gold.

# ######### ..
#....<..#
...##.......#
........@$..##..+
.......$y$......#
.#...............
####............
#....[.....#.
#....###.....
#..... .....
....... #....
#?>...... ....


You could see a friendly killer bee (charmed).

Vanquished Creatures
  A two-headed ogre (D:9)
  Pikel (D:6)
  2 unseen horrors (D:9)
  2 glass eyes (D:9)
  A shadow (D:9)
  11 yaks (D:9)
  A basilisk (D:9)
  3 wyverns
  A wraith (D:9)
  A warg (D:10)
  2 steam dragons (D:7)
  2 water moccasins
  An ice beast (D:5)
  5 orc warriors
  2 black bears
  A sky beast (D:7)
  A centaur (D:9)
  2 wolves (D:10)
  2 ogres (D:5)
  A phantom (D:4)
  3 lemures (D:6)
  A kobold brigand (D:9)
  3 bullfrogs
  2 gnoll sergeants (D:9)
  2 scorpions (D:5)
  5 killer bees
  A howler monkey (D:8)
  3 bombardier beetles
  4 orc priests
  A hound (D:5)
  3 jellies
  5 gnoll boudas
  Natasha (thrice) (D:4)
  13 orc wizards
  Terence (D:3)
  2 iguanas
  20 gnolls
  9 adders
  A shadow imp (D:5)
  A white imp (D:6)
  4 dart slugs
  A ribbon worm (D:4)
  31 orcs
  5 ball pythons
  5 endoplasms
  7 giant cockroaches
  9 goblins
  5 hobgoblins
  5 quokkas
  4 bats
  6 frilled lizards
  5 kobolds
  4 rats
217 creatures vanquished.

Vanquished Creatures (collateral kills)
  An orc wizard (D:6)
1 creature vanquished.

Vanquished Creatures (others)
  An orc warrior (D:6)
  An orc wizard (D:8)
2 creatures vanquished.

Grand Total: 220 creatures vanquished

Notes
Turn   | Place    | Note
-------+----------+-------------------------------------------
     0 | D:1      | pokedragonboy the Coglin Artificer began the quest for the
                  | Orb.
     0 | D:1      | Reached XP level 1. HP: 15/15 MP: 1/1
    88 | D:1      | Reached skill level 1 in Dodging
   243 | D:1      | Reached XP level 2. HP: 20/21 MP: 2/2
   643 | D:1      | Reached XP level 3. HP: 26/27 MP: 3/3
   687 | D:1      | Reached skill level 1 in Axes
  1348 | D:2      | Reached XP level 4. HP: 33/33 MP: 4/4
  1820 | D:3      | Noticed Terence
  1830 | D:3      | Killed Terence
  1958 | D:3      | Reached XP level 5. HP: 36/39 MP: 5/5
  2119 | D:3      | Found a sparkling altar of Nemelex Xobeh.
  2143 | D:3      | HP: 1/39 [shot self (19)]
  2839 | D:3      | Found an ancient bone altar of Kikubaaqudgha.
  2841 | D:3      | Found a glowing golden altar of the Shining One.
  3008 | D:4      | Found a snail-covered altar of Cheibriados.
  3078 | D:4      | Reached XP level 6. HP: 45/47 MP: 6/6
  3102 | D:4      | Noticed Natasha
  3107 | D:4      | Killed Natasha
  3119 | D:4      | Noticed Natasha
  3125 | D:4      | Killed Natasha
  3321 | D:4      | Noticed Natasha
  3326 | D:4      | Killed Natasha
  3498 | D:4      | Reached skill level 5 in Evocations
  3566 | D:4      | Reached XP level 7. HP: 53/53 MP: 7/7
  3678 | D:4      | Found a staircase to the Ecumenical Temple.
  3875 | Temple   | Entered the Ecumenical Temple
  3881 | Temple   | Became a worshipper of Gozag Ym Sagoz the Greedy
  4077 | D:4      | Found a hide-covered altar of Uskayaw.
  4078 | D:4      | Found an iron altar of Okawaru.
  4207 | D:5      | Entered Level 5 of the Dungeon
  4214 | D:5      | Found a basalt altar of Yredelemnul.
  4288 | D:5      | Found a stormy altar of Qazlal.
  4386 | D:5      | Reached XP level 8. HP: 22/61 MP: 8/8
  4640 | D:5      | Reached skill level 5 in Fighting
  4768 | D:5      | Found Jyl Otifyn's Jewellery Shoppe.
  5389 | D:5      | Reached skill level 5 in Armour
  5571 | D:5      | Reached skill level 5 in Axes
  5672 | D:6      | Noticed Pikel
  5683 | D:6      | Killed Pikel
  5684 | D:6      | Reached XP level 9. HP: 29/69 MP: 9/9
  7780 | D:8      | Identified the +4 whip of Disarray {vamp, MP+9}
  8084 | D:8      | Reached skill level 1 in Maces & Flails
  8319 | D:8      | Found Tutoeguc's Assorted Antiques.
  8329 | D:8      | Bought a helmet for 148 gold pieces
  8374 | D:8      | Reached XP level 10. HP: 52/79 MP: 10/10
  8475 | D:8      | Found a shadowy altar of Dithmenos.
  9163 | D:9      | Found a radiant altar of Vehumet.
  9841 | D:9      | Noticed a two-headed ogre
 10114 | D:9      | Killed a two-headed ogre
 10115 | D:9      | Reached XP level 11. HP: 89/89 MP: 11/11
 10143 | D:9      | Reached skill level 5 in Maces & Flails
 10195 | D:9      | Identified the +5 pair of boots of the Loofah {rC+ Dex-3
                  | Stlth+}
 10523 | D:9      | Found a broken altar of Ashenzari.
 10904 | D:10     | Entered Level 10 of the Dungeon
 10907 | D:10     | Found a staircase to the Orcish Mines.
 10949 | D:10     | HP: 4/89 [poisoned by a killer bee]
 10950 | D:10     | HP: 1/89 [poisoned by a killer bee]
 10951 | D:10     | Succumbed to a killer bee's poison

Illustrated notes

Levels and vault maps discovered:
D:1:      matt_arrival_diagonals, layout_loops_ring,
          nicolae_concentric_dashed_squares_mild, minmay_worlds_worst_comb
D:2:      layout_loops_corners, amcnicky_mini_pool_small
D:3:      layout_loops_corners, mainiacjoe_overflow_tiny_flanked,
          jmf_multi_god_temple, uniq_terence
D:4:      layout_gridville, slow_altar_1, gammafunk_temple_overflow_statue,
          minmay_temple_entry_enclosed_plants, uniq_natasha
D:5:      layout_basic, nicolae_overflow_hidden_temple,
          overflow_temple_1_default, nicolae_inconvenience_store,
          kennysheep_flooded_box, minmay_liquid_box
D:6:      layout_basic, serial_library_hellmonk_long_bookcase,
          nicolae_nh_ransacked_shop, uniq_pikel
D:7:      layout_loops_ring
D:8:      layout_basic, mainiacjoe_overflow_24_doors, serial_shops,
          nicolae_shop_window_shopping, st_stairs_13
D:9:      layout_loops_ring, mainiacjoe_overflow_paths, vehumet_statue,
          minivault_11, hangedman_glass_teeth, onia_ninara_cookie
D:10:     layout_basic, mainiacjoe_overflow_surrounded_room,
          lightli_temple_of_fire, minmay_orc_entry_guard_dogs, hex_large
Temple:   nicolae_temple_cloud_nine

Skill      XL: |  1  2  3  4  5  6  7  8  9 10 11 |
---------------+----------------------------------+-----
Dodging        | 1 |  1.4
Armour         | 2 3 4 5 6 8 |  8.6
Axes           | 1 2 3 4 5 6 |  6.6
Fighting       | 2 3 4 6 7 9 |  9.4
Evocations     | 5 6 7 9 |  9.5
Maces & Flails | 2 4 5 |  5.5
Stealth        | |  0.7

Action                     |  1- 3 |  4- 6 |  7- 9 | 10-12 || total
---------------------------+-------+-------+-------+-------++-------
  Melee: Dagger            |   103 |       |       |       ||   103
         Club              |   110 |    50 |       |       ||   160
         Hand axe          |     6 |    83 |   143 |       ||   232
         Flail             |       |    32 |   189 |   186 ||   407
         Mace              |       |     6 |       |       ||     6
         Whip              |       |       |    28 |   167 ||   195
  Evoke: Wand              |       |     9 |    18 |    15 ||    42
    Use: Scroll            |     1 |       |    11 |     7 ||    19
         Potion            |       |       |     1 |     6 ||     7
   Stab: Sleeping          |     2 |       |       |       ||     2
         Paralysed         |       |       |       |     7 ||     7
         Distracted        |       |       |       |     1 ||     1
 Armour: Leather armour    |    39 |       |       |       ||    39
         Chain mail        |    62 |    91 |   225 |       ||   378
         Scale mail        |    15 |       |       |       ||    15
         Plate armour      |       |       |    16 |   281 ||   297
  Dodge: Dodged            |    56 |    28 |    75 |    53 ||   212

Table legend: (Time is in decaauts)
 A = Elapsed time spent in this place.
 B = Non-inter-level travel time spent in this place.
 C = Inter-level travel time spent in this place.
 D = Time resting spent in this place.
 E = Time spent auto-exploring this place.
 F = Levels seen in this place.
 G = Mean time per level.
                   A        B        C        D        E       F      G
               +--------+--------+--------+--------+--------+-----+--------+
         Total |  11141 |  10857 |    284 |   1681 |   7081 |  11 | 1012.8 |
       Dungeon |  11128 |  10850 |    278 |   1681 |   7081 |  10 | 1112.8 |
        Temple |     12 |      6 |      6 |      0 |      0 |   1 |   12.0 |
               +--------+--------+--------+--------+--------+-----+--------+

Top non-repeatable levels by time:
     D:9: 1775 daAuts
     D:5: 1433 daAuts
     D:6: 1387 daAuts
     D:3: 1273 daAuts
     D:4: 1272 daAuts
     D:8: 1232 daAuts
     D:7: 980 daAuts
     D:2: 945 daAuts
     D:1: 777 daAuts
    D:10: 50 daAuts
  Temple: 12 daAuts
